 Dungeon Crawl Stone Soup version 0.24.0-125-gc4c63601f3 (webtiles) character file.

Game seed: 17238952511276697681, levelgen mode: deterministic

211 BuffBuff the Ruffian (level 5, -6/28 HPs)
             Began as a Vine Stalker Fighter on Mar 12, 2020.
             Mangled by a slave (7 damage)
             ... led by Pikel
             ... on level 4 of the Dungeon.
             The game lasted 00:17:47 (3692 turns).

BuffBuff the Ruffian (Vine Stalker Fighter)         Turns: 3692, Time: 00:17:47

Health: -6/28      AC:  8    Str: 19    XL:     5   Next: 88%
Magic:  0/6        EV:  8    Int:  8    God:
Gold:   171        SH:  9    Dex: 14    Spells: 4/4 levels left

rFire    . . .     SeeInvis .     - Unarmed
rCold    . . .     Gourm    .   b - +0 shield
rNeg     . . .     Faith    .   p - +0 swamp dragon scales
rPois    +         Spirit   +   (no helmet)
rElec    .         Reflect  .   (no cloak)
rCorr    .         Harm     .   (no gloves)
MR       +....                  (no boots)
Stlth    +.........             (no amulet)
HPRegen  0.49/turn              w - ring of protection from magic
MPRegen  0.10/turn              (no ring)

@: no status effects
A: fangs 2, regeneration 1, magic shield, antimagic bite, no potion heal 3, rot
immunity
a: no special abilities


You were on level 4 of the Dungeon.
You were hungry.

You visited 1 branch of the dungeon, and saw 4 of its levels.
You also visited: Sewer.

You collected 171 gold pieces.

Inventory:

Missiles
 j - 21 poisoned darts (quivered)
Armour
 b - a +0 shield (worn)
 p - +0 swamp dragon scales (worn)
Jewellery
 a - an uncursed ring of ice
 w - a ring of protection from magic (left hand)
Wands
 r - a wand of digging (7)
Scrolls
 e - a scroll of random uselessness {unknown}
 f - a scroll of magic mapping
 g - a scroll of noise {unknown}
 h - 2 scrolls of identify
 i - a scroll of blinking {unknown}
 k - a scroll of enchant weapon {unknown}
 m - a scroll of fog {unknown}
 q - 2 scrolls of remove curse {unknown}
 s - 2 scrolls of teleportation
 u - a scroll of immolation {unknown}
 v - a scroll of fear {unknown}
Potions
 c - 5 potions of might
 l - a potion of curing {unknown}
 n - 2 potions of magic {unknown}
 o - a potion of haste {unknown}
 t - 2 potions of heal wounds
 x - a potion of cancellation {unknown}
Comestibles
 d - 5 rations
 z - 2 chunks of flesh


   Skills:
 + Level 3.0 Fighting
 + Level 3.2 Armour
 + Level 3.3 Shields
 * Level 4.5 Unarmed Combat


You had 4 spell levels left.
You didn't know any spells.
Your spell library was empty.

Dungeon Overview and Level Annotations

Branches:
Dungeon (4/15)              Sewer (visited)
 Temple: D:4-7

Altars:
Ru

Annotations:
D:4 Pikel


Innate Abilities, Weirdness & Mutations

You have extremely sharp teeth.
Your natural rate of healing is unusually fast.
When hurt, damage is shared between your health and your magic reserves.
Your bite disrupts and absorbs the magic of your enemies.
Potions cannot restore your health.
You are immune to rotting.


Message History

The slave is heavily wounded.
You block the slave's attack. The slave hits you but does no damage.
Pikel hits you with a +2 whip of flaming.
* * * LOW HITPOINT WARNING * * *
Pikel burns you.
* * * LOW HITPOINT WARNING * * *
The slave hits you but does no damage.
You closely miss the slave. You bite the slave. You drain its power.
You feel invigorated.
The slave is severely wounded.
The slave hits you. You block the slave's attack.
Pikel hits you with a +2 whip of flaming.
* * * LOW HITPOINT WARNING * * *
Pikel burns you.
* * * LOW HITPOINT WARNING * * *
Unknown command.
You closely miss the slave.
The slave is severely wounded.
The slave hits you. You block the slave's attack. The slave hits you!
You die...

#.........#*** *,,,
##..(%.....# ****
#..........# *
#..........#
#..........#
#..........# ******
*#....p..(.# *,.,,,
#...pKp...#######..,,,
#####@####(p.......,,,
#p# #.........,,, #.#
#K........*** #.#
#.........*
####'####p........*
#.................*
#.................*
#.........########*
#.........#


You could see Pikel and 4 slaves.

Vanquished Creatures
  3 gnolls (D:3)
  4 adders
  3 oozes
  7 worms
  4 dart slugs
  A leopard gecko (D:3)
  7 orcs (D:3)
  3 ball pythons (Sewer)
  8 bats
  5 giant cockroaches
  7 goblins
  5 hobgoblins
  3 jackals (D:3)
  4 quokkas
  7 frilled lizards
  15 kobolds
  14 rats
100 creatures vanquished.

Notes
Turn   | Place    | Note
-------+----------+-------------------------------------------
     0 | D:1      | BuffBuff the Vine Stalker Fighter began the quest for the
                  | Orb.
     0 | D:1      | Reached XP level 1. HP: 11/11 MP: 2/2
   137 | D:1      | Reached XP level 2. HP: 8/16 MP: 3/3
   668 | D:1      | Reached XP level 3. HP: 18/19 MP: 4/4
  1487 | D:3      | Gained mutation: Your natural rate of healing is unusually
                  | fast. [Vine Stalker growth]
  1487 | D:3      | Reached XP level 4. HP: 23/23 MP: 5/5
  1540 | D:3      | Reached skill level 3 in Unarmed Combat
  1659 | D:3      | Found a glowing drain.
  1684 | Sewer    | Entered a sewer
  1701 | Sewer    | Reached XP level 5. HP: 17/28 MP: 6/6
  1883 | Sewer    | Reached skill level 4 in Unarmed Combat
  2795 | D:2      | Found a sacrificial altar of Ru.
  3616 | D:4      | Noticed a slave
  3616 | D:4      | Noticed a slave
  3616 | D:4      | Noticed a slave
  3616 | D:4      | Noticed a slave
  3617 | D:4      | Noticed Pikel
  3653 | D:4      | HP: 1/28 [Pikel/+2 whip of flaming (1)]
  3691 | D:4      | HP: 1/28 [Pikel/+2 whip of flaming (1)]
  3692 | D:4      | Mangled by a slave

Levels and vault maps discovered:
D:1:      sevenhm_arrival_forest_fort_large_4, layout_basic
D:2:      layout_basic, hangedman_ru_absence
D:3:      minmay_inner_zag, layout_loops_corners, portal_sewer_entry_d
D:4:      layout_basic, first_ration, serial_shops, nicolae_shop_statue_plus,
          kennysheep_generic_room_9, uniq_eustachio, uniq_pikel

Skill      XL: |  1  2  3  4  5 |
---------------+----------------+-----
Shields        | 3 |  3.3
Armour         | 3 |  3.2
Fighting       | 3 |  3.0
Unarmed Combat | 3 4 |  4.5

Action                   |  1- 3 |  4- 6 || total
-------------------------+-------+-------++-------
Melee: Unarmed           |   124 |   235 ||   359
       Bite              |    37 |    71 ||   108
Throw: Dart              |       |     4 ||     4
  Use: Scroll            |       |     3 ||     3
  Eat: Chunk             |     2 |     7 ||     9
Armor: Scale mail        |    45 |    30 ||    75
       Swamp dragon scal |       |    33 ||    33
Dodge: Dodged            |    40 |    47 ||    87
Block: Shield            |    67 |    85 ||   152
